Map: Lerilak Crest

Players

Semper

  • Race: Terran Terran
  • League: Grandmaster

Elazer - Winner!

  • Race: Zerg Zerg
  • League: Grandmaster

Event: DreamHack ROCCAT LotV Championship

VOD

Have the link to the VOD?

Description

Time

  • Played on: Nov. 26, 2015, 9:10 a.m.
  • Length: 17:50

All games in this series

Show
View Real Time Build Order
Export as new Build Order

Semper Terran 

Build Orders: Bio Tank 

Get SALT Encoding   

  12  0:00  SCV  
  13  0:13  SCV  
  14  0:18  Supply Depot  
  14  0:25  SCV  
  15  0:39  SCV  
  15  0:40  Barracks  
  16  0:47  Refinery  
  16  0:51  SCV  
  17  1:04  SCV  
  18  1:16  SCV  
  19  1:28  Orbital Command  
  19  1:30  Barracks Reactor  
  19  1:43  Command Center  
  19  1:53  SCV  
  20  1:57  Supply Depot  
  20  2:05  SCV  
  20  2:06  Marine  
  20  2:07  Marine  
  23  2:15  Factory  
  23  2:18  SCV  
  24  2:24  Marine x2  
  26  2:31  SCV  
  27  2:39  Refinery  
  27  2:42  Marine x2  
  27  2:43  SCV  
  30  2:53  Bunker  
  30  2:55  SCV  
  30  2:56  Orbital Command  
  31  3:03  Starport  
  31  3:07  SCV  
  31  3:09  Factory Tech Lab  
  31  3:11  Marine  
  33  3:13  Marine  
  33  3:19  SCV  
  35  3:21  SCV  
  35  3:25  Supply Depot  
  36  3:31  SCV  
  36  3:32  Siege Tank  
  40  3:35  SCV  
  41  3:41  Medivac  
  41  3:43  SCV, Marine  
  41  3:44  Marine  
  41  3:47  SCV  
  47  3:49  Supply Depot  
  47  3:56  SCV  
  47  3:59  SCV  
  49  4:04  Supply Depot  
  49  4:06  Siege Tank  
  49  4:08  SCV  
  53  4:12  Marine x2  
  53  4:13  Supply Depot  
  53  4:15  Liberator  
  55  4:21  SCV  
  56  4:29  SCV  
  57  4:33  Command Center, SCV  
  63  4:41  SCV  
  62  4:56  SCV  
  62  4:57  Barracks Tech Lab  
  62  4:59  Siege Tank  
  66  5:00  Refinery  
  66  5:01  SCV, Refinery  
  67  5:08  SCV, Barracks, Supply Depot  
  67  5:10  Barracks  
  67  5:13  SCV  
  69  5:19  Engineering Bay  
  69  5:20  Engineering Bay  
  69  5:21  SCV  
  69  5:23  Marauder  
  69  5:25  SCV  
  73  5:30  Starport Reactor  
  73  5:33  SCV  
  77  5:38  SCV  
  77  5:41  Stimpack  
  75  5:48  SCV  
  76  5:51  Marauder  
  76  5:52  Orbital Command  
  76  5:54  Terran Infantry Weapons Level 1, Terran Infantry Armor Level 1  
  76  5:56  SCV  
  79  6:02  Siege Tank  
  79  6:04  Marine x2  
  82  6:08  Supply Depot  
  82  6:09  Supply Depot  
  85  6:16  Barracks Reactor  
  85  6:17  Medivac  
  86  6:19  Orbital Command  
  86  6:21  Marine  
  87  6:26  Barracks  
  87  6:27  Medivac  
  89  6:33  Refinery  
  89  6:35  Marine x2  
  89  6:37  Refinery  
  89  6:39  SCV x2  
  92  6:45  SCV  
  92  6:47  Medivac  
  93  6:49  Marine  
  93  6:50  Siege Tank  
  93  6:51  SCV  
  93  6:53  Marine  
  101  6:56  SCV  
  101  7:01  Marine x2  
  103  7:03  Bunker  
  103  7:04  Bunker  
  103  7:05  Bunker  
  103  7:07  Medivac  
  105  7:17  Medivac  
  105  7:19  Marine x3  
  105  7:20  Marauder  
  112  7:25  SCV x3  
  112  7:28  Supply Depot x3  
  112  7:29  Armory  
  115  7:30  Marine  
  114  7:37  SCV x3  
  117  7:48  Combat Shields  
  117  7:49  Barracks Reactor, SCV, Marine x2  
  117  7:50  Marauder  
  122  7:52  SCV x2  
  122  7:54  Siege Tank, Medivac x2  
  122  7:55  Marine x2  
  130  8:07  Marine x2  
  130  8:10  Marine  
  133  8:13  Marine x2  
  133  8:15  Barracks  
  133  8:17  Barracks x2  
  133  8:18  SCV  
  136  8:21  Barracks  
  136  8:25  Marine x2  
  135  8:27  Marine x2  
  135  8:29  Marauder  
  135  8:30  Marine  
  135  8:31  Terran Infantry Weapons Level 2, Marine  
  135  8:33  Supply Depot  
  140  8:34  Supply Depot  
  140  8:35  Terran Infantry Armor Level 2  
  140  8:43  SCV  
  141  8:50  Supply Depot, Marine  
  141  8:53  Command Center  
  141  8:55  Siege Tank, Marauder  
  146  8:56  Terran Vehicle Weapons Level 1  
  146  8:59  Marine  
  147  9:07  Concussive Shells  
  147  9:08  Marine x2  
  149  9:13  Marine  
  149  9:14  Marine  
  149  9:17  Marine, Marauder  
  153  9:22  Marine  
  153  9:23  Medivac x2  
  160  9:27  Siege Tank  
  160  9:28  Barracks Reactor, Barracks Tech Lab  
  160  9:29  Barracks Reactor, Barracks Tech Lab  
  160  9:30  Supply Depot x2  
  162  9:32  Marine x2  
  162  9:38  Marauder  
  166  9:42  Marine x4  
  170  9:49  Marine  
  170  9:50  Marine  
  164  9:57  Marine  
  164  9:58  Marauder  
  164  9:59  Marauder, Marine, Medivac x2  
  162  10:00  Marine  
  162  10:03  Marine x2  
  162  10:04  Supply Depot  
  164  10:12  Marine  
  164  10:13  Marine  
  165  10:15  Marauder  
  165  10:16  Siege Tank  
  165  10:19  Starport, Marauder  
  165  10:21  Starport, Marauder  
  166  10:28  Marine x5  
  162  10:32  Marine x2  
  167  10:37  Marauder  
  167  10:41  Marauder  
  167  10:42  Marauder  
  170  10:48  Marine  
  171  10:50  Marine  
  171  10:53  Liberator x4  
  171  10:56  SCV x2, Marine x2  
  168  10:58  Marauder  
  168  11:00  Marine  
  168  11:02  Marauder  
  168  11:04  Marauder  
  171  11:07  Marine  
  171  11:11  Marine  
  185  11:18  Marine x2  
  184  11:20  Marauder  
  184  11:23  SCV, Marauder  
  184  11:25  Marauder  
  183  11:26  Terran Infantry Weapons Level 3  
  183  11:28  Marine  
  183  11:29  SCV  
  183  11:30  SCV  
  186  11:35  Liberator  
  186  11:36  Liberator x2  
  186  11:39  Marine  
  186  11:53  Marauder, Marine  
  198  11:54  Missile Turret  
  197  12:04  Marine  
  198  12:10  Marine  
  198  12:11  Terran Infantry Armor Level 3  
  198  12:12  Terran Ship Weapons Level 1  
  196  12:30  Marine  
  196  12:31  Marauder  
  196  12:34  Command Center  
  194  12:41  Liberator, Marine x4  
  194  12:42  Marauder  
  196  12:53  Marine  
  196  12:54  Marauder  
  195  12:59  Medivac  
  192  13:05  Marine  
  192  13:06  Marauder  
  192  13:08  Planetary Fortress  
  192  13:11  Refinery, Sensor Tower  
  192  13:12  Refinery, Missile Turret  
  191  13:15  Medivac  
  191  13:16  Medivac  
  195  13:23  Marine x3  
  195  13:24  Marauder  
  195  13:25  Missile Turret  
  198  13:29  Missile Turret  
  198  13:33  Liberator  
  198  13:34  Marine  
  174  13:49  Marauder, Marine x3  
  174  13:53  Liberator x2  
  174  13:54  Liberator  
  162  13:58  Marine  
  162  13:59  Marauder  
  162  14:01  Cyclone  
  140  14:12  Marauder, Marine x2  
  153  14:21  Marine x3  
  153  14:22  Marauder x2, Marine  
  153  14:23  Liberator  
  161  14:33  Cyclone, Marine x2  
  161  14:34  Marauder  
  161  14:36  Liberator  
  162  14:42  Liberator, Marine  
  162  14:43  Marauder  
  165  14:49  Marine  
  165  14:50  Marauder, Marine x2  
  169  14:58  Marine x3  
  169  14:59  Marauder  
  178  15:04  Marine x4  
  178  15:06  Marine  
  186  15:09  Siege Tank  
  184  15:14  Marine  
  184  15:15  Marine x3  
  184  15:18  Medivac  
  184  15:20  Marauder  
  189  15:22  Marine  
  189  15:25  Marauder  
  189  15:28  SCV x3  
  187  15:37  Marine  
  187  15:41  Medivac  
  190  15:51  Marine x3  
  190  15:52  Marauder  
  190  15:53  Marine, Medivac x2  
  190  15:54  Marauder  
  194  15:59  Marauder, Marine  
  194  16:06  Liberator  
  194  16:07  Liberator  
  184  16:13  Marine  
  184  16:14  Marauder, Marine  
  184  16:16  Marine  
  184  16:18  SCV x2  
  183  16:22  SCV x2  
  185  16:31  Marauder, Marine  
  133  16:50  Marauder, Marine  
  94  17:06  SCV  
  94  17:07  SCV x2  
  91  17:14  Marine  
Show
View Real Time Build Order
Export as new Build Order

Elazer Zerg - Winner!

Build Orders: Hatch First 

Get SALT Encoding   

  12  0:00  Drone  
  13  0:12  Overlord  
  13  0:18  Drone  
  14  0:30  Drone x2  
  14  0:34  Drone  
  17  0:51  Hatchery  
  17  0:54  Drone  
  17  0:57  Drone  
  18  1:08  Extractor  
  17  1:11  Spawning Pool  
  17  1:15  Drone  
  17  1:19  Drone  
  18  1:27  Drone  
  19  1:38  Overlord  
  19  1:59  Queen  
  19  2:00  Drone x2  
  23  2:03  Queen  
  23  2:04  Drone  
  23  2:08  Metabolic Boost  
  26  2:14  Drone  
  27  2:19  Drone  
  28  2:23  Drone  
  29  2:33  Hatchery  
  29  2:35  Drone x2  
  30  2:42  Queen  
  32  2:46  Overlord  
  32  2:52  Overlord  
  32  3:05  Drone x2  
  34  3:07  Drone  
  34  3:08  Drone  
  36  3:13  Drone x3  
  36  3:14  Drone x3  
  36  3:17  Queen  
  44  3:21  Overlord  
  44  3:28  Extractor  
  44  3:30  Roach Warren, Zergling x2  
  44  3:32  Zergling x2  
  44  3:40  Overlord  
  44  3:42  Drone x3  
  44  3:43  Drone  
  44  3:48  Queen  
  48  3:53  Overlord  
  50  4:03  Drone  
  50  4:04  Drone x2, Extractor  
  50  4:06  Drone  
  53  4:12  Drone x7  
  59  4:17  Drone  
  59  4:18  Drone  
  59  4:19  Drone  
  61  4:26  Roach x3  
  67  4:32  Roach x2  
  67  4:35  Overlord  
  71  4:39  Roach  
  71  4:44  Overlord x2  
  71  4:53  Queen  
  71  5:01  Drone  
  71  5:02  Drone x2, Extractor  
  71  5:05  Lair, Drone  
  71  5:06  Drone x3  
  78  5:07  Ravager x4  
  78  5:10  Roach  
  78  5:11  Roach  
  85  5:14  Overlord  
  85  5:25  Extractor  
  84  5:30  Evolution Chamber, Drone x4  
  84  5:31  Evolution Chamber, Drone x3  
  84  5:32  Roach x2  
  84  5:33  Roach x2  
  97  5:39  Spore Crawler  
  96  5:47  Overlord  
  96  5:49  Drone  
  96  5:55  Overlord x2  
  96  5:57  Zerg Missile Weapons Level 1, Zerg Ground Armor Level 1  
  96  6:02  Extractor  
  96  6:03  Overlord  
  95  6:07  Drone x6  
  95  6:08  Drone, Glial Reconstitution  
  102  6:14  Roach  
  102  6:15  Roach x4  
  112  6:20  Drone  
  112  6:22  Overlord  
  113  6:33  Roach x4  
  113  6:36  Hatchery, Overlord  
  113  6:39  Drone  
  121  6:40  Infestation Pit  
  121  6:43  Overlord  
  121  6:44  Overlord  
  120  6:51  Roach x4  
  120  6:52  Roach  
  130  6:59  Overlord  
  130  7:05  Roach x7  
  144  7:14  Ravager x2  
  144  7:15  Ravager x4  
  150  7:18  Drone  
  150  7:19  Drone x4  
  155  7:24  Overlord  
  155  7:30  Drone x5  
  155  7:33  Hive, Infestor  
  162  7:42  Infestor  
  164  7:45  Overlord  
  164  7:49  Drone x2  
  166  7:52  Extractor  
  166  7:53  Extractor  
  166  7:56  Drone x2  
  165  8:03  Zerg Ground Armor Level 2  
  165  8:04  Zerg Melee Weapons Level 1  
  165  8:06  Roach x2  
  165  8:08  Overlord  
  165  8:12  Roach x2  
  177  8:13  Roach x2  
  177  8:25  Overlord  
  177  8:28  Spore Crawler  
  177  8:30  Overlord  
  177  8:34  Roach x9  
  194  8:47  Adrenal Glands  
  194  8:48  Ultralisk Cavern  
  194  8:51  Infestor  
  195  8:57  Hatchery  
  194  9:11  Spire  
  191  9:25  Pneumatized Carapace  
  191  9:41  Chitinous Plating  
  191  9:42  Ultralisk  
  195  9:57  Ultralisk x2  
  197  10:01  Ravager  
  197  10:02  Infestor  
  190  10:07  Extractor  
  190  10:10  Infestor  
  189  10:17  Extractor  
  189  10:19  Drone x3  
  189  10:21  Ultralisk  
  179  10:45  Ultralisk x2  
  191  10:57  Ultralisk  
  188  11:00  Zergling x10  
  188  11:01  Zergling x2  
  189  11:09  Zerg Flyer Weapons Level 1  
  187  11:14  Ultralisk  
  187  11:15  Ultralisk  
  199  11:20  Extractor  
  196  11:25  Drone, Extractor  
  196  11:26  Drone x3  
  199  11:36  Zergling x2  
  200  11:40  Spore Crawler  
  200  11:41  Spine Crawler x2  
  200  11:44  Spine Crawler  
  196  11:52  Corruptor x2  
  196  12:13  Zerg Ground Armor Level 3, Zerg Melee Weapons Level 2  
  195  12:25  Ultralisk x2  
  195  12:41  Drone x3  
  184  13:00  Corruptor x6  
  184  13:03  Corruptor  
  184  13:05  Hatchery  
  197  13:08  Zerg Flyer Armor Level 1  
  197  13:22  Corruptor  
  193  13:43  Ultralisk  
  190  13:54  Ultralisk x2  
  190  13:55  Ultralisk  
  167  13:57  Zergling x12  
  167  13:58  Zergling x20  
  161  14:09  Ultralisk  
  149  14:14  Ultralisk  
  155  14:20  Corruptor  
  155  14:21  Zergling x2  
  155  14:22  Zergling x10  
  163  14:31  Corruptor x3  
  167  14:40  Corruptor x2  
  167  14:44  Hatchery  
  167  14:45  Zergling x10  
  172  14:53  Zerg Melee Weapons Level 3  
  172  14:56  Zergling x8  
  176  15:03  Drone x4  
  176  15:04  Queen x3  
  184  15:15  Hatchery  
  184  15:17  Corruptor x3  
  188  15:24  Ultralisk  
  193  15:30  Zergling x4  
  193  15:49  Ultralisk  
  199  15:52  Extractor  
  186  16:14  Ultralisk  
  186  16:15  Ultralisk  
  196  16:30  Ultralisk x2  
  196  16:32  Zergling x16  
  185  16:36  Ultralisk  
  185  16:38  Zergling x12  
  174  16:48  Ultralisk  
  174  16:49  Zergling x10  
  174  16:50  Zergling x8  
  172  17:01  Zergling x12  
  168  17:08  Ultralisk  
  161  17:10  Zergling x2  
  161  17:11  Zergling x4  
  160  17:16  Corruptor  
  162  17:24  Drone x3  
  162  17:26  Drone x3, Extractor  
  162  17:28  Extractor  

Tags
 
Add a new tag
Caveats
  • Supply blocks, unpowered buildings, or Contaminate may cause inaccurate times.
  • Supply counts are checked every 10 seconds.